 Dungeon Crawl Stone Soup version 0.27-a0-760-gc38aae387d (webtiles) character file.

Game seed: 17723630321231095720

42 wakim the Insei (level 3, -2/26 HPs)
             Began as a Merfolk Transmuter on Mar 25, 2021.
             Was a Follower of Nemelex Xobeh.
             Succumbed to an adder's poison
             ... on level 2 of the Dungeon.
             The game lasted 00:05:17 (2069 turns).

wakim the Insei (Merfolk Transmuter)                Turns: 2069, Time: 00:05:18

Health: -2/26      AC:  5    Str: 10    XL:     3   Next: 54%
Magic:  15/15      EV: 10    Int: 13    God:    Nemelex Xobeh [*.....]
Gold:   46         SH:  0    Dex: 14    Spells: 3/6 levels left

rFire    . . .     SeeInvis .     - Unarmed
rCold    . . .     Faith    .   (no shield)
rNeg     . . .     Spirit   .   b - +0 ring mail
rPois    .         Reflect  .   (helmet currently unavailable)
rElec    .         Harm     .   (no cloak)
rCorr    .         Rampage  .   (no gloves)
Will     .....                  (boots currently unavailable)
Stlth    +.........             (no amulet)
HPRegen  0.08/turn              e - ring of magical power
MPRegen  0.14/turn              (no ring)

@: lethally poisoned (-2 -> -17), appendages (expiring)
A: horns 2, (nimble swimmer 2), mertail
a: End Transformation, Renounce Religion, Draw Escape, Draw Destruction, Draw
Summoning


You were on level 2 of the Dungeon.
You worshipped Nemelex Xobeh.
Nemelex Xobeh was aware of your devotion.
You had temporarily grown beastly horns.
You visited 1 branch of the dungeon, and saw 2 of its levels.

You collected 46 gold pieces.

Inventory:

Missiles
 f - 3 silver boomerangs
Armour
 b - a +0 ring mail (worn)
Jewellery
 e - a ring of magical power (right hand)
Potions
 d - a potion of attraction {unknown}
 g - a potion of might {unknown}
 B - 2 potions of brilliance
 I - a potion of invisibility
 P - a potion of lignification


   Skills:
 - Level 1.1 Fighting
 - Level 2.6 Dodging
 * Level 4.0 Unarmed Combat
 - Level 2.0 Spellcasting
 * Level 3.8 Transmutations
 + Level 1.2 Ice Magic
 + Level 0.2 Invocations


You had 3 spell levels left.
You knew the following spells:

 Your Spells              Type           Power      Damage    Failure   Level
a - Beastly Appendage     Tmut           22%        N/A       14%         1
w - Wereblood             Tmut           11%        N/A       22%         2

Your spell library contained the following spells:

 Spells                   Type           Power      Damage    Failure   Level
 Animate Skeleton         Necr           2%         N/A       54%         1
 Apportation              Tloc           2%         N/A       54%         1
 Corona                   Hex            1%         N/A       54%         1
 Summon Small Mammal      Summ           4%         N/A       54%         1
 Spider Form              Tmut/Pois      3%         N/A       67%         3
 Confusing Touch          Hex            1%         N/A       89%         3
 Gell's Gravitas          Tloc           0%         N/A       89%         3
 Ice Form                 Ice/Tmut       7%         N/A       93%         4
 Petrify                  Tmut/Erth      6%         N/A       97%         4
 Blade Hands              Tmut           5%         N/A       98%         5
 Metabolic Englaciation   Hex/Ice        1%         N/A       100%        5
 Yara's Violent Unravell  Hex/Tmut       3%         3d4       100%        5


Dungeon Overview and Level Annotations

Branches:
Dungeon (2/15)

Altars:
Nemelex Xobeh
Okawaru


Innate Abilities, Weirdness & Mutations

You have temporarily grown beastly horns.
((You are quick and stealthy while swimming. (Stealth+, EV+, Speed+++)))
Your lower body shifts to a powerful aquatic tail in water.


Message History

Your horns disappear.
An endoplasm comes into view.
The endoplasm quivers.
Found an iron altar of Okawaru.
You grow a pair of large bovine horns.
An adder comes into view.
The adder hisses angrily.
You punch the endoplasm!
You kill the endoplasm!
The adder bites you.
You are poisoned.
The adder poisons you!
You feel very sick. The adder bites you.
You closely miss the adder. You barely miss the adder. You miss the adder.
The adder is severely wounded.
Your transformation is almost over.
The adder bites you.
* * * LOW HITPOINT WARNING * * *
You hit the adder.
The adder is almost dead.
You are no longer poisoned.
The adder bites you.
* * * LOW HITPOINT WARNING * * *
You barely miss the adder.
The adder is almost dead.
You closely miss the adder.
The adder is almost dead.
You closely miss the adder. Your punch misses the adder.
The adder is almost dead.
The adder bites you.
* * * LOW HITPOINT WARNING * * *
You are lethally poisoned!
The adder poisons you!
You hit the adder.
You kill the adder!
You die...
Your body disappears without a glow.

## # .. #.#.
###..## #.......
... #..#.#.##..#
# # #..._... ...
.# ..
#.#$#.###.##.#...
#....@...........
####..###.......#
#.........# ##.#
#####.##### ...
#.# ###.# #.#
#...#### ###.#
#.#..... #...#
##....... ###.###
#.##.....


There were no monsters in sight!

Vanquished Creatures
  An adder (D:2)
  5 endoplasms
  2 giant cockroaches
  4 goblins
  4 hobgoblins
  4 jackals (D:2)
  3 quokkas
  3 ball pythons
  4 bats
  A frilled lizard (D:1)
  3 kobolds (D:1)
  2 rats
36 creatures vanquished.

Notes
Turn   | Place    | Note
-------+----------+-------------------------------------------
     0 | D:1      | wakim the Merfolk Transmuter began the quest for the Orb.
     0 | D:1      | Reached XP level 1. HP: 15/15 MP: 3/3
   575 | D:1      | Reached XP level 2. HP: 21/21 MP: 5/5
   586 | D:1      | Learned a level 2 spell: Wereblood
  1164 | D:2      | Reached skill level 1 in Ice Magic
  1164 | D:2      | Reached XP level 3. HP: 25/26 MP: 6/6
  1572 | D:2      | Found a faded altar of an unknown god.
  1625 | D:2      | Became a worshipper of Nemelex Xobeh the Trickster
  1625 | D:2      | Reached * piety under Nemelex Xobeh
  1998 | D:2      | Received a gift from Nemelex Xobeh
  2004 | D:2      | Reached skill level 4 in Unarmed Combat
  2057 | D:2      | Found an iron altar of Okawaru.
  2069 | D:2      | Succumbed to an adder's poison

Illustrated notes

Levels and vault maps discovered:
D:1:      lemuel_arrival_muddy, layout_basic, corner_web_ring
D:2:      layout_basic, chequers_ecumenical_altar_grove,
          okawaru_metal_pillars_1_2

Skill      XL: |  1  2  3 |
---------------+----------+-----
Transmutations | 3 |  3.8
Ice Magic      | 1 |  1.2
Unarmed Combat | 4 |  4.0
Fighting       | |  1.1
Dodging        | |  2.6
Spellcasting   | |  2.0
Invocations    | |  0.2

Action                   || total
-------------------------++-------
Melee: Unarmed           ||   116
       Headbutt          ||    10
       Punch             ||     2
 Cast: Beastly Appendage ||    17
       Wereblood         ||     1
  Use: Scroll            ||     5
Armor: Ring mail         ||    54
Dodge: Dodged            ||    57

Table legend: (Time is in decaauts)
 A = Elapsed time spent in this place.
 B = Non-inter-level travel time spent in this place.
 C = Inter-level travel time spent in this place.
 D = Time resting spent in this place.
 E = Time spent auto-exploring this place.
 F = Levels seen in this place.
 G = Mean time per level.
                   A        B        C        D        E       F      G
               +--------+--------+--------+--------+--------+-----+--------+
         Total |   2058 |   1982 |     76 |      0 |   1672 |   2 | 1029.0 |
       Dungeon |   2058 |   1982 |     76 |      0 |   1672 |   2 | 1029.0 |
               +--------+--------+--------+--------+--------+-----+--------+

Top non-repeatable levels by time:
     D:1: 1089 daAuts
     D:2: 969 daAuts
